Map: Submarine LE

Players

Reynor

  • Race: Zerg Zerg
  • League: Master
  • Spawn Location: 5:00

aLive - Winner!

  • Race: Terran Terran
  • League: Grandmaster
  • Spawn Location: 11:00

VOD

Have the link to the VOD?

Description

Time

  • Played on: Jan. 15, 2021, 7:15 a.m.
  • Length: 23:15
Show
View Real Time Build Order
Export as new Build Order

Reynor Zerg 

Build Orders: Hatch First 

Get SALT Encoding   

  12  0:03  Drone  
  13  0:13  Overlord  
  13  0:16  Drone  
  14  0:31  Drone x2  
  16  0:49  Hatchery  
  15  0:51  Drone  
  15  0:55  Drone  
  17  0:57  Drone  
  18  1:08  Extractor  
  17  1:14  Spawning Pool  
  17  1:16  Drone  
  17  1:20  Drone  
  18  1:29  Drone  
  20  1:40  Drone  
  20  1:50  Overlord  
  20  2:01  Queen x2  
  20  2:02  Zergling x4  
  26  2:12  Drone x2  
  29  2:22  Drone  
  29  2:23  Drone  
  30  2:30  Hatchery  
  30  2:33  Drone  
  30  2:34  Drone  
  31  2:42  Queen  
  33  2:47  Metabolic Boost  
  33  2:52  Overlord  
  33  2:55  Drone  
  33  2:56  Drone  
  35  2:59  Drone  
  36  3:10  Overlord  
  36  3:12  Drone x3  
  39  3:13  Drone  
  39  3:16  Drone  
  41  3:21  Drone, Queen  
  44  3:27  Overlord  
  44  3:31  Queen  
  44  3:33  Zergling x2  
  47  3:38  Drone  
  48  3:41  Drone, Queen  
  48  3:43  Zergling x2  
  48  3:46  Drone x2  
  54  3:50  Overlord  
  54  3:52  Drone  
  54  3:54  Drone  
  54  3:55  Drone  
  57  4:01  Queen  
  59  4:03  Zergling x2, Drone  
  59  4:04  Drone  
  59  4:07  Extractor  
  61  4:11  Evolution Chamber  
  61  4:12  Drone  
  61  4:16  Overlord  
  61  4:17  Drone x3  
  61  4:21  Drone  
  61  4:24  Drone  
  66  4:26  Drone x2  
  66  4:27  Drone x2  
  66  4:28  Drone  
  71  4:33  Drone  
  71  4:34  Drone x2  
  71  4:38  Zerg Ground Armor Level 1  
  74  4:39  Zergling x4  
  74  4:41  Zergling x2  
  74  4:44  Queen  
  79  4:47  Overlord  
  79  4:48  Drone  
  79  4:51  Drone  
  79  4:52  Drone  
  82  4:55  Overlord  
  82  4:59  Lair  
  82  5:03  Baneling Nest  
  82  5:06  Spore Crawler  
  80  5:11  Zergling x6  
  80  5:12  Zergling x4  
  85  5:16  Zergling x6  
  85  5:21  Zergling x8, Hatchery  
  90  5:23  Zergling x6  
  91  5:32  Overlord  
  91  5:33  Zergling x2  
  91  5:34  Zergling x6  
  91  5:35  Drone x2  
  95  5:37  Drone  
  95  5:41  Drone  
  98  5:50  Overlord, Extractor  
  98  5:51  Drone, Evolution Chamber  
  98  5:54  Zergling x2  
  98  5:56  Zergling x2  
  98  5:59  Zergling x2, Centrifical Hooks  
  97  6:05  Overlord  
  97  6:06  Zergling x12  
  97  6:07  Zergling x2  
  97  6:09  Zergling x2  
  97  6:10  Zergling x4  
  107  6:13  Drone  
  107  6:16  Zerg Melee Weapons Level 1  
  107  6:18  Zergling x2  
  109  6:19  Zergling x2  
  109  6:20  Baneling x4  
  109  6:22  Baneling x2  
  109  6:24  Zergling x2  
  111  6:26  Overlord  
  111  6:29  Queen  
  111  6:32  Zergling x2  
  114  6:37  Zergling x10  
  114  6:38  Drone  
  118  6:40  Drone  
  119  6:48  Zergling x8  
  119  6:49  Zergling x8  
  119  6:52  Overseer  
  119  6:53  Baneling x6  
  119  6:54  Baneling x5, Overlord x2  
  129  6:59  Drone, Overlord  
  128  7:04  Baneling  
  128  7:05  Baneling x3  
  128  7:10  Overlord  
  128  7:11  Drone, Hatchery  
  128  7:13  Drone x5  
  133  7:16  Drone  
  133  7:17  Drone x4  
  133  7:18  Zergling x4  
  133  7:19  Zergling x2  
  140  7:23  Zergling x4  
  139  7:30  Zergling x4  
  139  7:31  Zergling x4  
  123  7:40  Zergling x2  
  124  7:45  Zergling x18  
  124  7:47  Zergling x6, Baneling  
  124  7:48  Baneling x9  
  131  7:57  Zergling x8  
  133  7:58  Queen  
  133  8:02  Overlord  
  133  8:04  Zergling x2  
  130  8:06  Zergling x2  
  130  8:08  Zerg Ground Armor Level 2  
  130  8:10  Zergling x2  
  130  8:11  Drone  
  130  8:12  Drone x4  
  130  8:13  Hatchery  
  130  8:15  Overlord, Drone x3  
  130  8:16  Drone x3  
  130  8:17  Drone  
  130  8:19  Drone x2  
  138  8:21  Zergling x2, Hatchery x2  
  138  8:23  Baneling x6  
  138  8:25  Extractor  
  138  8:26  Extractor  
  136  8:27  Overlord  
  136  8:28  Drone  
  136  8:32  Zergling x4  
  134  8:43  Zergling x24, Hatchery  
  134  8:47  Zergling x2  
  128  8:50  Zergling x6  
  126  8:55  Zergling x4  
  126  8:56  Zergling x2  
  126  9:00  Zergling x2  
  126  9:01  Queen  
  132  9:03  Zergling x2  
  132  9:04  Zergling x2  
  132  9:05  Zergling x2  
  132  9:06  Zerg Melee Weapons Level 2  
  135  9:11  Drone  
  135  9:15  Drone x3  
  139  9:18  Baneling x14  
  139  9:23  Zergling x4  
  128  9:25  Queen  
  128  9:27  Zergling x6  
  128  9:28  Drone x3  
  128  9:29  Drone  
  128  9:30  Drone x2  
  139  9:34  Drone  
  139  9:36  Drone x2, Spine Crawler  
  139  9:37  Zergling x8, Spore Crawler  
  139  9:38  Baneling x11  
  144  9:39  Spore Crawler  
  144  9:41  Zergling x2  
  144  9:47  Drone  
  144  9:48  Drone x5, Evolution Chamber  
  144  9:50  Zergling x2  
  150  9:56  Zergling x6  
  134  10:01  Drone x4, Queen  
  134  10:02  Zergling x10, Drone  
  122  10:07  Zergling x4  
  122  10:08  Zergling x6  
  122  10:09  Zergling x4  
  122  10:13  Zergling x6  
  123  10:17  Zergling x2, Infestation Pit  
  123  10:18  Zergling x6  
  123  10:20  Zergling x4  
  127  10:23  Zergling x4  
  127  10:25  Zergling x6  
  127  10:28  Zergling x4  
  130  10:29  Zergling x2  
  130  10:32  Zergling x4  
  130  10:33  Zergling x2  
  131  10:36  Queen  
  131  10:38  Zergling x6  
  131  10:39  Overseer  
  131  10:40  Drone x2  
  131  10:41  Drone  
  138  10:46  Zergling x12  
  138  10:49  Baneling x9  
  139  10:52  Zergling x6  
  139  10:53  Zergling x6  
  139  10:55  Zergling x6  
  139  10:56  Zergling x2  
  149  10:57  Zergling x2  
  149  10:58  Zergling x4  
  149  11:01  Hive  
  149  11:02  Drone x3  
  154  11:07  Spore Crawler  
  154  11:08  Spore Crawler  
  154  11:11  Zergling x8  
  156  11:13  Zergling x6  
  156  11:14  Overlord  
  156  11:16  Zergling x4  
  156  11:17  Zergling x8, Spore Crawler  
  164  11:21  Drone x3  
  164  11:22  Baneling x12  
  165  11:32  Zergling x18  
  163  11:33  Zergling x4  
  163  11:34  Overseer  
  160  11:43  Drone x6, Spore Crawler  
  160  11:44  Drone x5  
  160  11:45  Drone  
  160  11:46  Zergling x6  
  160  11:47  Zergling x10  
  177  11:49  Baneling x8  
  177  11:52  Queen  
  181  11:54  Zergling x12  
  181  11:59  Zergling x8  
  181  12:01  Baneling x9  
  187  12:03  Overlord  
  186  12:15  Zergling x24  
  173  12:20  Zergling x8  
  167  12:27  Zergling x4  
  168  12:33  Zergling x8  
  161  12:40  Zerg Ground Armor Level 3, Hatchery  
  161  12:42  Baneling x6  
  159  12:56  Adrenal Glands  
  159  12:57  Ultralisk Cavern  
  155  13:00  Zergling x12  
  155  13:06  Overseer  
  155  13:11  Baneling  
  155  13:12  Baneling x10  
  155  13:13  Zergling x26  
  155  13:19  Overseer  
  162  13:23  Drone x4  
  162  13:24  Drone  
  162  13:25  Extractor  
  162  13:26  Extractor  
  165  13:27  Zergling x8  
  165  13:28  Extractor  
  165  13:30  Zergling x6  
  165  13:34  Overlord  
  171  13:35  Zergling x2  
  149  13:46  Zergling x14  
  149  13:47  Hatchery  
  136  13:51  Zergling x2  
  119  14:13  Pneumatized Carapace  
  119  14:16  Zergling x22, Ultralisk  
  118  14:27  Zergling x8  
  122  14:32  Zergling x2, Ultralisk  
  122  14:33  Zergling x6  
  132  14:41  Baneling x4  
  132  14:42  Baneling  
  132  14:43  Baneling  
  131  14:53  Chitinous Plating  
  131  14:59  Zergling x24, Hatchery  
  132  15:13  Drone x3  
  135  15:15  Baneling x4  
  135  15:17  Zergling x16, Ultralisk  
  135  15:18  Zergling x2, Queen  
  152  15:22  Extractor  
  152  15:27  Drone  
  152  15:30  Drone x3  
  152  15:31  Drone, Spore Crawler  
  152  15:34  Hatchery  
  149  15:41  Overseer  
  149  15:42  Zergling x18  
  157  15:54  Zergling x20  
  167  16:03  Zergling x10  
  172  16:07  Drone x3  
  171  16:12  Spire  
  171  16:16  Zergling x6  
  171  16:17  Zergling x10  
  177  16:23  Zerg Melee Weapons Level 3  
  177  16:25  Anabolic Synthesis  
  176  16:28  Baneling x7  
  158  16:43  Ultralisk x2  
  158  16:44  Zergling x6  
  167  16:47  Drone x3  
  167  16:49  Drone x2  
  172  16:58  Baneling  
  172  16:59  Baneling x3  
  172  17:01  Zergling x14  
  179  17:04  Baneling x4  
  179  17:05  Baneling x2  
  150  17:17  Zergling x28  
  148  17:43  Hatchery  
  147  17:52  Corruptor x2  
  147  17:53  Corruptor x5  
  147  17:54  Zergling x2  
  155  18:05  Infestor x2  
  157  18:09  Zergling x14  
  160  18:23  Baneling x8  
  155  18:35  Zergling x28  
  169  18:47  Hatchery  
  168  18:53  Infestor x2  
  161  19:06  Zergling x2, Ultralisk x2  
  161  19:07  Zergling x10  
  162  19:25  Zergling x2, Ultralisk  
  162  19:26  Zergling x10  
  153  19:45  Infestor x2  
  152  19:48  Extractor  
  152  19:49  Extractor  
  152  19:51  Hatchery  
  145  19:53  Hatchery  
  145  19:57  Zergling x14  
  131  20:23  Zergling x32  
  131  20:25  Zergling x2  
  123  20:37  Infestor x2  
  123  20:38  Infestor  
  123  20:40  Zergling x4  
  128  20:53  Corruptor x3  
  113  21:01  Zergling x8  
  101  21:05  Zergling x4  
  101  21:10  Zergling x6  
  102  21:17  Zergling x2  
  102  21:18  Zergling x6  
  106  21:27  Ultralisk  
  112  21:38  Zergling x2, Ultralisk  
  112  21:39  Zergling x2  
  120  21:46  Zergling x12  
  115  21:54  Zergling x12  
  107  22:03  Zergling x12  
  107  22:05  Drone  
  110  22:11  Drone x3  
  100  22:21  Zergling x10  
  84  22:31  Infestor x3  
  90  22:38  Infestor x2  
Show
View Real Time Build Order
Export as new Build Order

aLive Terran - Winner!

Build Orders: Reaper Expand 

Get SALT Encoding   

  12  0:00  SCV  
  13  0:12  SCV  
  14  0:17  Supply Depot  
  14  0:24  SCV  
  15  0:38  SCV  
  15  0:39  Barracks  
  16  0:43  Refinery  
  16  0:50  SCV  
  17  1:02  SCV  
  18  1:15  SCV  
  19  1:27  Orbital Command, Reaper  
  20  1:39  Command Center  
  20  1:49  Supply Depot  
  20  1:52  SCV  
  21  1:59  Reaper  
  22  2:05  SCV  
  22  2:08  Barracks  
  23  2:17  SCV  
  24  2:29  SCV  
  25  2:33  Barracks Reactor  
  25  2:41  SCV  
  25  2:42  Refinery, Factory  
  26  2:52  Orbital Command  
  26  2:53  SCV  
  26  2:58  Barracks Tech Lab  
  27  3:05  SCV  
  28  3:10  Command Center  
  28  3:15  Marine  
  28  3:17  SCV  
  28  3:19  SCV  
  31  3:20  Marine  
  31  3:22  Marine  
  31  3:26  Stimpack  
  33  3:29  SCV  
  33  3:31  SCV  
  35  3:36  Marine  
  35  3:38  Marine  
  35  3:40  Marine  
  38  3:41  SCV  
  38  3:43  SCV  
  38  3:47  Starport  
  38  3:48  Factory Reactor  
  40  3:54  SCV  
  40  3:55  Marine  
  41  3:56  Marine  
  41  3:57  Supply Depot  
  41  3:58  Marine  
  41  4:01  SCV  
  45  4:06  SCV  
  46  4:18  SCV x2, Marine x3  
  46  4:22  SCV  
  51  4:30  SCV  
  51  4:31  Medivac x2  
  54  4:36  Marine  
  56  4:38  Refinery  
  56  4:39  Refinery, Marine  
  56  4:40  Engineering Bay x2, Marine  
  56  4:42  Supply Depot  
  58  4:46  Orbital Command  
  58  4:47  SCV  
  58  4:49  SCV  
  60  4:53  Marine  
  60  4:57  Marine  
  60  4:58  Marine  
  63  5:00  SCV  
  63  5:01  Factory Reactor, SCV  
  64  5:08  Terran Infantry Weapons Level 1  
  64  5:11  Marine  
  64  5:12  SCV  
  64  5:13  SCV  
  67  5:15  Orbital Command  
  67  5:16  Barracks  
  67  5:19  Marine x2  
  69  5:21  Starport Reactor  
  69  5:24  SCV  
  69  5:25  SCV  
  71  5:29  Combat Shield, Marine  
  71  5:33  Terran Infantry Armor Level 1  
  71  5:35  Supply Depot  
  71  5:36  SCV, Marine  
  71  5:37  SCV, Marine  
  71  5:38  Widow Mine  
  71  5:41  Supply Depot  
  77  5:45  SCV  
  77  5:47  Marine  
  77  5:49  Widow Mine  
  80  5:51  Supply Depot  
  80  5:53  SCV  
  80  5:54  SCV, Marine x2  
  84  5:59  SCV  
  85  6:05  SCV  
  85  6:08  Barracks  
  85  6:09  Marine x2  
  85  6:10  SCV, Barracks  
  89  6:11  SCV  
  89  6:12  Marine  
  89  6:15  Widow Mine x2  
  89  6:17  SCV  
  96  6:20  Medivac  
  96  6:24  Medivac  
  98  6:30  Supply Depot  
  98  6:33  Marine  
  98  6:34  Marine x2  
  98  6:35  SCV  
  98  6:37  Marine x2  
  98  6:38  SCV  
  100  6:44  Widow Mine  
  100  6:45  SCV  
  104  6:47  SCV  
  104  6:50  SCV, Medivac  
  104  6:51  Marine x2  
  104  6:53  Supply Depot  
  109  6:56  Marine x2  
  109  6:57  SCV, Barracks Reactor  
  109  6:58  Barracks Reactor  
  112  7:02  Armory, SCV  
  112  7:05  SCV, Marine  
  115  7:08  Marine  
  115  7:09  SCV  
  115  7:14  Marine x2  
  115  7:15  Marine  
  120  7:17  SCV, Supply Depot  
  120  7:18  Supply Depot  
  120  7:22  Widow Mine x2  
  125  7:26  Marine  
  125  7:30  Supply Depot, Marine  
  115  7:37  Marine x3  
  115  7:40  Marine  
  115  7:41  SCV  
  115  7:42  Marine  
  115  7:43  SCV, Marine x2  
  115  7:44  Widow Mine  
  125  7:47  Marine x2  
  125  7:49  Command Center  
  125  7:50  Widow Mine  
  125  7:51  Terran Infantry Weapons Level 2  
  129  7:53  Terran Infantry Armor Level 2  
  129  7:55  Marine x2  
  129  7:57  SCV  
  129  7:58  Marine x2  
  132  8:00  Medivac  
  132  8:09  Marine x4  
  132  8:10  SCV, Marine  
  132  8:11  SCV  
  133  8:13  Refinery, Widow Mine, Marine  
  133  8:14  Factory  
  133  8:16  Marine x3  
  139  8:27  Sensor Tower, Marine x4  
  139  8:28  Marine  
  139  8:30  Marine, Medivac  
  139  8:33  Medivac  
  149  8:38  Supply Depot  
  149  8:45  Supply Depot  
  149  8:47  Marine x3  
  149  8:48  Marine x2  
  133  8:49  Marine  
  133  8:51  Marine x2  
  133  8:52  Marine  
  133  8:54  SCV x3  
  118  9:00  Medivac  
  120  9:05  Widow Mine x2, Marine x3  
  120  9:06  SCV x2  
  120  9:07  SCV  
  120  9:09  Marine  
  126  9:13  Supply Depot, Marine  
  127  9:17  Marine x2  
  127  9:23  Marine  
  128  9:26  Widow Mine x2, Medivac  
  128  9:27  Marine x2  
  128  9:30  Marine  
  128  9:31  Marine x2  
  135  9:32  Marine  
  135  9:35  SCV, Marine  
  135  9:36  SCV  
  135  9:38  Marine  
  138  9:40  SCV  
  138  9:41  Marine  
  138  9:44  Marine  
  138  9:45  Marine  
  143  9:46  Factory Tech Lab  
  143  9:47  SCV  
  143  9:48  Planetary Fortress  
  143  9:49  SCV  
  112  10:08  Marine x4  
  112  10:09  Widow Mine, SCV  
  112  10:10  Medivac  
  112  10:13  Marine x5  
  118  10:15  Widow Mine x2  
  118  10:17  Medivac  
  118  10:19  SCV x2  
  126  10:21  SCV  
  126  10:25  Terran Infantry Weapons Level 3, Marine  
  126  10:26  Terran Infantry Armor Level 3, Marine x2  
  126  10:27  Marine  
  130  10:30  Widow Mine  
  130  10:31  SCV, Marine x3  
  130  10:32  SCV x2, Marine  
  130  10:35  Marine  
  133  10:43  Marine x2  
  133  10:49  Marine  
  134  10:50  Marine  
  134  10:51  Medivac, Marine  
  134  10:55  SCV  
  139  10:58  Marine x2  
  139  11:00  Marine  
  139  11:03  Drilling Claws  
  140  11:04  Thor  
  140  11:05  Widow Mine x2  
  140  11:06  Barracks x2  
  140  11:07  Barracks, Marine x2  
  140  11:09  SCV  
  140  11:10  SCV x2  
  155  11:11  Supply Depot  
  155  11:12  Marine x2  
  155  11:13  Supply Depot  
  155  11:14  Marine  
  155  11:16  SCV  
  155  11:19  Marine, Medivac  
  155  11:20  Marine  
  155  11:23  Marine  
  161  11:29  Widow Mine  
  161  11:32  Marine  
  161  11:33  Marine  
  161  11:35  Medivac  
  161  11:36  Marine x2  
  161  11:38  Marine x2  
  161  11:39  Marine  
  169  11:43  Command Center  
  169  11:44  Supply Depot  
  169  11:45  Marine  
  169  11:46  Marauder  
  171  11:49  Medivac  
  171  11:50  Marine  
  171  11:53  Barracks Tech Lab, Barracks Reactor  
  162  12:02  Marine  
  162  12:03  Marine  
  162  12:06  Widow Mine x2  
  162  12:07  Marauder  
  170  12:10  Medivac  
  170  12:13  Marine  
  169  12:15  Marine  
  169  12:19  Medivac  
  169  12:21  Thor  
  168  12:24  Command Center  
  168  12:27  Marine x2  
  157  12:30  Marauder  
  157  12:32  Marine  
  157  12:34  Widow Mine  
  152  12:38  Marine x2  
  152  12:39  Marauder  
  156  12:44  Medivac  
  156  12:45  Widow Mine, Marine x2  
  156  12:46  Supply Depot  
  156  12:48  Supply Depot, Marine  
  163  12:55  Widow Mine, Marine  
  163  12:56  Marine  
  163  12:58  Marine x2  
  166  13:01  Marine  
  166  13:04  Widow Mine, Marine  
  166  13:05  Marauder  
  173  13:08  Widow Mine  
  173  13:09  Marine  
  173  13:12  Supply Depot  
  174  13:18  Marine x2  
  174  13:19  Marauder, Marine x2  
  175  13:22  Widow Mine  
  175  13:26  Marauder  
  177  13:32  Medivac  
  177  13:33  Medivac  
  177  13:34  Marine x2  
  181  13:40  Marauder, Marine  
  152  13:48  Marine  
  152  13:49  Marauder, Marine  
  152  13:51  Marine x2  
  152  13:54  Widow Mine  
  140  13:57  Marine  
  134  14:12  Marine x2  
  134  14:13  Marauder  
  132  14:17  Widow Mine x2, Marine  
  132  14:18  Marauder  
  132  14:22  Marine x2  
  132  14:23  Widow Mine  
  139  14:28  Planetary Fortress  
  139  14:29  SCV  
  138  14:31  Marine  
  138  14:34  Marauder  
  138  14:35  Marine  
  140  14:39  Marauder  
  140  14:41  Liberator  
  140  14:42  Marine x2  
  147  14:48  Liberator  
  147  14:49  Marine  
  147  14:52  Marine  
  152  14:54  Marine  
  152  14:55  Marauder  
  152  14:56  Marine  
  156  15:00  Marauder  
  154  15:08  Marine  
  154  15:10  Marine  
  156  15:17  Marauder, Marine x2  
  156  15:18  Widow Mine x2  
  156  15:19  Command Center  
  164  15:21  Concussive Shells  
  164  15:22  Marauder, Marine  
  164  15:24  Liberator, Marine  
  171  15:31  Marine  
  170  15:38  Marauder  
  167  15:42  Supply Depot  
  167  15:43  Marauder  
  167  15:46  Widow Mine, Supply Depot, Marine x2  
  173  15:53  Widow Mine  
  173  15:55  Liberator  
  173  15:56  Marine x2  
  178  15:57  Barracks Tech Lab  
  178  15:58  Marine x2  
  178  15:59  Marauder, Marine  
  178  16:01  Marine  
  183  16:05  Marauder  
  180  16:11  Marine x2  
  180  16:14  Liberator, Marine  
  180  16:16  Widow Mine x2  
  184  16:20  Marine x2  
  184  16:21  Marauder, Supply Depot  
  184  16:22  Supply Depot  
  184  16:23  Widow Mine, Marine x2  
  187  16:30  Marauder, Marine  
  189  16:37  Liberator  
  190  16:40  Widow Mine, Marine x2  
  190  16:41  Marauder  
  190  16:42  Marauder  
  197  16:52  Marine  
  197  16:53  Marauder  
  172  17:18  Marauder, Marine x2  
  172  17:19  Widow Mine  
  172  17:21  Command Center  
  174  17:23  Marine  
  174  17:24  Widow Mine, Marauder, Marine  
  174  17:29  Marine x2  
  171  17:30  Marauder  
  171  17:32  Widow Mine, Marine  
  176  17:37  Liberator x2  
  176  17:38  Marine  
  176  17:40  Marauder, Marine  
  176  17:41  Marine  
  185  17:47  Marine x2  
  185  17:54  Widow Mine  
  185  17:56  Marine  
  185  17:57  Marauder  
  190  17:59  Marine x2  
  189  18:12  Marine  
  190  18:16  Marine  
  190  18:17  Marauder  
  191  18:20  Liberator  
  191  18:23  Liberator, Marine x2  
  191  18:24  Marauder  
  195  18:30  Marine  
  195  18:31  Planetary Fortress  
  196  18:35  SCV  
  196  18:36  SCV  
  196  18:39  Marine  
  199  18:46  Marine  
  194  19:09  Widow Mine x2  
  195  19:10  Viking x2  
  195  19:13  Marine  
  195  19:14  Marauder  
  197  19:25  Marauder, Marine  
  197  19:31  Widow Mine x2  
  192  19:32  Marine  
  192  19:35  Missile Turret, Marauder  
  192  19:38  Missile Turret x2  
  176  19:40  Marine  
  176  19:42  Marine  
  178  19:46  Marine  
  178  19:47  Marine  
  178  19:48  SCV  
  178  19:52  Marine  
  177  19:53  Refinery, Marauder  
  177  19:54  Refinery  
  177  19:57  Marauder  
  172  20:01  Widow Mine, Marine  
  172  20:04  Widow Mine  
  172  20:09  Marauder  
  172  20:10  SCV  
  172  20:12  SCV, Marine  
  130  20:30  Marauder, Marine x3  
  130  20:31  Marauder x2  
  130  20:33  Marine x2  
  137  20:37  Widow Mine, Marine  
  137  20:41  Widow Mine  
  137  20:51  Liberator  
  130  20:59  Liberator  
  130  21:01  Marauder, Marine x2  
  130  21:02  Marine  
  127  21:06  Widow Mine  
  127  21:10  Marine  
  127  21:11  Marauder  
  132  21:12  Marine  
  132  21:16  Marine  
  134  21:19  Marine x2  
  134  21:23  Marine  
  134  21:24  Marauder  
  139  21:25  Marine  
  139  21:29  Marine x2  
  142  21:34  Medivac  
  142  21:37  Marine  
  145  21:40  Marine  
  145  21:42  Medivac  
  148  21:51  Marine  
  148  21:52  Marauder  
  148  21:54  Widow Mine  
  142  21:59  Marine x2  
  142  22:00  Marauder x2  
  138  22:03  Marine  
  138  22:07  Widow Mine  
  135  22:13  Marauder  
  117  22:23  Marauder, Marine x2  
  117  22:24  Marauder  
  117  22:25  Widow Mine  
  122  22:30  Marine  
  122  22:31  Widow Mine  
  122  22:34  Marauder, Marine  
  122  22:35  Marine  
  129  22:39  Medivac  
  129  22:40  Marine  
  132  22:45  Marauder  
  134  22:52  Marine  
  134  22:53  Marauder  
Tags
 
Add a new tag
Caveats
  • Supply blocks, unpowered buildings, or Contaminate may cause inaccurate times.
  • Supply counts are checked every 10 seconds.